 Dungeon Crawl Stone Soup version 0.19-a0-1920-g83281cb (webtiles) character file.

889 Leibowitz the Cutter (level 7, 0/58 HPs)
             Began as a Demigod Fighter on Oct 23, 2016.
             Slain by Kirk's ghost (13 damage)
             ... on level 5 of the Dungeon.
             The game lasted 00:12:13 (4815 turns).

Leibowitz the Cutter (Demigod Fighter)              Turns: 4815, Time: 00:12:14

Health: 0/58       AC: 10    Str: 19    XL:     7   Next: 48%
Magic:  9/9        EV:  9    Int: 12    God:
Gold:   167        SH: 16    Dex: 19    Spells: 0 memorised, 6 levels left

rFire  . . .     SeeInvis .     a - +0 rapier
rCold  . . .     Gourm    .     i - +1 ring mail {rN+}
rNeg   + . .     Faith    .     c - +1 shield
rPois  .         Spirit   .     h - +0 helmet
rElec  .         Reflect  +     (no cloak)
rCorr  .         Harm     .     o - +0 pair of gloves
MR     .....                    r - +0 pair of boots (curse)
Stlth  ++........               p - +5 amulet of reflection
                                (no ring)
                                (no ring)

@: no status effects
A: high mp 1
a: no special abilities


You were on level 5 of the Dungeon.
You were not hungry.

You visited 2 branches of the dungeon, and saw 6 of its levels.

You collected 167 gold pieces.

Inventory:

Hand Weapons
 a - a +0 rapier (weapon)
Missiles
 y - a throwing net (quivered)
Armour
 c - a +1 shield (worn)
 h - a +0 helmet (worn)
 i - a +1 ring mail of positive energy (worn)
 o - a +0 pair of gloves (worn)
 r - a cursed +0 pair of boots (worn)
Jewellery
 p - a +5 amulet of reflection (around neck)
Wands
 x - a wand of teleportation (8/9)
Scrolls
 g - a scroll of enchant armour
 j - 2 scrolls of teleportation
 l - a scroll of random uselessness {unknown}
 m - a scroll of blinking
 u - a scroll of enchant weapon {unknown}
 v - a scroll of fog {unknown}
 w - a scroll of amnesia {unknown}
 z - 3 scrolls of identify
Potions
 d - 2 potions of might
 e - 2 potions of curing
 k - a potion of brilliance
 q - a potion of agility {unknown}
 t - a potion of resistance
 A - 2 potions of lignification {unknown}
Comestibles
 b - 6 meat rations
 f - 2 bread rations
 n - 2 beef jerkies
 s - a fruit


   Skills:
 + Level 3.9 Fighting
 + Level 4.8 Short Blades
 + Level 3.8 Armour
 + Level 1.6 Dodging
 * Level 3.6 Stealth
 + Level 4.2 Shields


You had 6 spell levels left.
You didn't know any spells.

Dungeon Overview and Level Annotations

Branches:
Dungeon (5/15)             Temple (1/1) D:4

Annotations:
D:5 Kirk's ghost, novice FoFi


Innate Abilities, Weirdness & Mutations

You have an increased reservoir of magic. (+10% MP)


Message History

Kirk's ghost is heavily damaged.
You block Kirk's ghost's attack.
You hit Kirk's ghost.
Kirk's ghost is heavily damaged.
Kirk's ghost barely misses you.
You hit Kirk's ghost but do no damage.
Kirk's ghost is heavily damaged.
You block Kirk's ghost's attack.
You closely miss Kirk's ghost.
Kirk's ghost is heavily damaged.
Kirk's ghost hits you but does no damage.
You hit Kirk's ghost.
Kirk's ghost is heavily damaged.
Kirk's ghost closely misses you.
You completely miss Kirk's ghost.
Kirk's ghost is heavily damaged.
Kirk's ghost hits you!
* * * LOW HITPOINT WARNING * * *
Kirk's ghost hits you!
You die...

............#
####........#
#..........#
#.##.......#######
#.##..............
#.#######+#.###...
#.# #.#.###.##
#.#####.#
#.....W...
#......@#
###.###.##
#######W# #.# #...
#.# #.# #### #.#
#W# #.# #.#
#.#########.#
#...........#
#############


You could see Kirk's ghost.

Vanquished Creatures
  The ghost of Cirk the Slasher, a novice HEGl of Nemelex Xobeh (D:4)
  A hound (D:4)
  A jelly (D:2)
  3 orc priests (D:4)
  Terence (D:3)
  An iguana (D:4)
  6 orc wizards (D:4)
  3 worker ants
  A hound skeleton (D:4)
  4 gnolls (D:2)
  6 adders
  5 worms
  A dart slug (D:1)
  6 leopard geckos
  18 orcs
  5 bats
  3 giant cockroaches (D:4)
  2 goblins
  4 hobgoblins
  3 jackals (D:1)
  6 frilled lizards
  2 kobolds
  12 rats
95 creatures vanquished.

Notes
Turn   | Place    | Note
-------+----------+-------------------------------------------
     0 | D:1      | Leibowitz the Demigod Fighter began the quest for the Orb.
     0 | D:1      | Reached XP level 1. HP: 18/18 MP: 3/3
   227 | D:1      | Reached XP level 2. HP: 25/25 MP: 4/4
   409 | D:1      | Found a sparkling altar of Nemelex Xobeh.
   709 | D:2      | Reached XP level 3. HP: 21/31 MP: 5/5
   730 | D:2      | Reached skill level 1 in Stealth
  1004 | D:2      | Found a deep blue altar of Sif Muna.
  1154 | D:2      | Reached XP level 4. HP: 38/38 MP: 6/6
  1604 | D:2      | Found a hide-covered altar of Uskayaw.
  1604 | D:2      | Found a faded altar of an unknown god.
  1609 | D:2      | Found a faded altar of an unknown god.
  1611 | D:2      | Found a faded altar of an unknown god.
  1613 | D:2      | Found a faded altar of an unknown god.
  1873 | D:3      | Found a shattered altar of Ashenzari.
  1882 | D:3      | Noticed Terence
  1901 | D:2      | Reached skill level 1 in Dodging
  1901 | D:2      | Reached XP level 5. HP: 45/45 MP: 7/7
  2138 | D:3      | Killed Terence
  2633 | D:4      | Found a staircase to the Ecumenical Temple.
  2718 | D:4      | Reached XP level 6. HP: 30/51 MP: 8/8
  2901 | Temple   | Entered the Ecumenical Temple
  3262 | D:4      | Noticed Cirk's ghost (novice HEGl)
  3310 | D:4      | Killed Cirk's ghost
  3310 | D:4      | Reached XP level 7. HP: 32/58 MP: 9/9
  4048 | D:4      | Noticed a moth of wrath
  4051 | D:4      | Found a bloodstained altar of Trog.
  4579 | D:5      | Entered Level 5 of the Dungeon
  4708 | D:5      | Noticed Kirk's ghost (novice FoFi)
  4815 | D:5      | Slain by Kirk's ghost

Vault maps used:
D:1:      dpeg_arrival_connections, nemelex_diamond_rough_becter
D:2:      chequers_temple_overflow_minitemple, lemuel_round_altar
D:3:      ashenzari_altar_1, uniq_terence
D:4:      tgw_trog
D:5:      lemuel_zombie_altar_yredelemnul, first_bread
Temple:   kb_corrupted_temple

Skill      XL: |  1  2  3  4  5  6 |
---------------+-------------------+-----
Short Blades   | 2 3 4 |  4.8
Fighting       | 3 |  3.9
Shields        | 3 4 |  4.2
Stealth        | 1 2 3 |  3.6
Armour         | 3 |  3.8
Dodging        | 1 |  1.6

Action                   |  1- 3 |  4- 6 |  7- 9 || total
-------------------------+-------+-------+-------++-------
Melee: Rapier            |    76 |   211 |   174 ||   461
  Use: Scroll            |       |     7 |       ||     7
       Potion            |       |     6 |       ||     6
 Stab: Distracted        |       |     1 |       ||     1
       Sleeping          |       |     3 |     1 ||     4
  Eat: Chunk             |     1 |     7 |     5 ||    13
Armor: Ring mail         |    20 |    39 |    40 ||    99
       Scale mail        |     5 |       |       ||     5
Dodge: Dodged            |    19 |    30 |    41 ||    90
Block: Shield            |    31 |   132 |   130 ||   293
